 Dungeon Crawl Stone Soup version 0.24-a0-292-g5c6fb1c (webtiles) character file.

Game seed: 7898752324437584225

97985 nikopol the Eclecticist (level 15, -18/74 HPs)
             Began as a Deep Elf Fire Elementalist on May 9, 2019.
             Was a High Priest of Vehumet.
             Hit by a large rock thrown by Polyphemus (34 damage)
             ... on level 2 of the Shoals on May 10, 2019.
             The game lasted 01:36:58 (27210 turns).

nikopol the Eclecticist (DEFE)                     Turns: 27210, Time: 01:36:59

Health: -18/74     AC: 11    Str:  9    XL:     15   Next: 73%
Magic:  42/50      EV:  8    Int: 27    God:    Vehumet [*****.]
Gold:   1925       SH:  0    Dex: 12    Spells: 16/55 levels left

rFire    + . .     SeeInvis +   Y - staff of fire
rCold    + . .     Gourm    .   t - +2 buckler
rNeg     . . .     Faith    .   D - +2 robe {MR+}
rPois    +         Spirit   .   V - +2 hat of Tausips {*Slow rElec rPois Dex-3}
rElec    +         Reflect  +   I - +2 cloak {+Inv}
rCorr    .         Harm     .   R - +1 pair of gloves
MR       ++...                  (no boots)
Stlth    +++.......             v - amulet of Impatience {Reflect rC+ Str+4 SH+3}
HPRegen  0.22/turn              b - ring of see invisible
MPRegen  0.32/turn              M - ring of magical power

@: petrifying (expiring), very slow
A: no striking features
a: Renounce Religion, Evoke Invisibility


You were on level 2 of the Shoals.
You worshipped Vehumet.
Vehumet was extremely pleased with you.
You were near starving.

You visited 4 branches of the dungeon, and saw 25 of its levels.
You also visited: Bailey and Gauntlet.

You collected 3024 gold pieces.
You spent 1099 gold pieces at shops.

Inventory:

Armour
 h - a scarf of cloud immunity
 t - a +2 buckler (worn)
 D - a +2 robe of magic resistance (worn)
 I - a +2 cloak of invisibility (worn)
 R - a +1 pair of gloves (worn)
 V - the +2 hat of Tausips (worn) {*Slow rElec rPois Dex-3}
   (You found it in a Gauntlet)

   It affects your dexterity (-3).
   It insulates you from electricity.
   It protects you from poison.
   It may slow you when you take damage.
Magical Staves
 A - an uncursed staff of wizardry
 U - an uncursed staff of conjuration
 Y - an uncursed staff of fire (weapon)
Jewellery
 b - a ring of see invisible (left hand)
 o - an uncursed ring of protection from cold
 q - an uncursed ring of flight
 v - the amulet of Impatience (around neck) {Reflect rC+ Str+4 SH+3}
   (You found it on level 13 of the Dungeon)

   [amulet of reflection]

   It shields you and reflects attacks.
   It affects your strength (+4).
   It protects you from cold.
   It affects your SH (+3).
 x - an uncursed ring of positive energy
 B - an uncursed amulet of magic regeneration
 M - a ring of magical power (right hand)
 X - a +3 amulet of reflection {unknown}
Wands
 a - a wand of disintegration (34)
 m - a wand of iceblast (20)
 u - a wand of paralysis (11)
 w - a wand of acid (28)
 G - a wand of digging (4)
 H - a wand of polymorph (30)
 L - a wand of flame (45)
Scrolls
 g - a scroll of torment {unknown}
 k - 17 scrolls of teleportation
 p - 2 scrolls of immolation
 r - 4 scrolls of fog
 s - 6 scrolls of remove curse
 y - 4 scrolls of blinking
 C - 4 scrolls of enchant armour
 E - 4 scrolls of enchant weapon
 F - 3 scrolls of amnesia
 J - 2 scrolls of silence
 K - a scroll of acquirement {unknown}
 T - 2 scrolls of fear {unknown}
Potions
 d - 6 potions of lignification
 e - 9 potions of flight
 f - 4 potions of brilliance
 i - 12 potions of curing
 j - 4 potions of mutation
 l - a potion of berserk rage
 n - 3 potions of magic
 z - 5 potions of might
 N - 2 potions of haste
 O - 9 potions of heal wounds
 P - a potion of resistance
 S - 2 potions of cancellation
 Z - 2 potions of invisibility
Miscellaneous
 W - a box of beasts
Comestibles
 c - 44 rations


   Skills:
 + Level 1.4 Fighting
 + Level 6.2 Dodging
 + Level 6.2 Stealth
 + Level 5.2 Shields
 + Level 20.5 Spellcasting
 + Level 14.9 Conjurations
 + Level 16.5 Fire Magic
 + Level 1.5 Air Magic
 + Level 0.2 Earth Magic


You had 16 spell levels left.
You knew the following spells:

 Your Spells              Type           Power        Failure   Level  Hunger
a - Flame Tongue          Conj/Fire      #####        0%          1    None
b - Throw Flame           Conj/Fire      ######       0%          2    None
c - Conjure Flame         Conj/Fire      ########     0%          3    None
d - Sticky Flame          Conj/Fire      ########     0%          4    None
e - Fireball              Conj/Fire      ########..   1%          5    None
f - Lightning Bolt        Conj/Air       ######....   1%          5    None
g - Bolt of Fire          Conj/Fire      ########..   1%          6    None
h - Bolt of Magma         Conj/Fire/Erth #######...   1%          5    None
i - Ignition              Fire           ########..   3%          8    #####..

Your spell library contained the following spells:

 Spells                   Type           Power        Failure   Level  Hunger
 Orb of Destruction       Conj           #######...   1%          7    ####...
 Confusing Touch          Hex            ####..       1%          1    None
 Freeze                   Ice            ####         1%          1    None
 Shock                    Conj/Air       ####         1%          1    None
 Summon Small Mammal      Summ           ####         1%          1    None
 Swiftness                Chrm/Air       ####....     1%          2    None
 Throw Frost              Conj/Ice       ######       1%          2    None
 Ignite Poison            Fire/Tmut/Pois ######..     1%          3    None
 Inner Flame              Hex/Fire       #######.     1%          3    None
 Static Discharge         Conj/Air       ######..     1%          3    None
 Throw Icicle             Conj/Ice       ######..     1%          4    None
 Blink                    Tloc           N/A          2%          2    None
 Call Imp                 Summ           ####....     2%          2    None
 Shroud of Golubria       Chrm/Tloc      ####......   2%          2    None
 Airstrike                Air            #####.....   2%          4    None
 Call Canine Familiar     Summ           ####....     4%          3    None
 Confuse                  Hex            ####....     4%          3    None
 Gell's Gravitas          Tloc           ####......   4%          3    None
 Lesser Beckoning         Tloc           ####......   4%          3    None
 Ozocubu's Armour         Chrm/Ice       ####....     4%          3    None
 Summon Guardian Golem    Hex/Summ       ####....     4%          3    None
 Teleport Other           Tloc           ####....     4%          3    None
 Summon Lightning Spire   Summ/Air       ####....     11%         4    None
 Yara's Violent Unravell  Hex/Tmut       ####......   11%         5    None
 Cause Fear               Hex            ####......   14%         4    None
 Passage of Golubria      Tloc           N/A          14%         4    None
 Petrify                  Tmut/Erth      ####....     14%         4    None
 Summon Ice Beast         Ice/Summ       ####....     14%         4    None
 Silence                  Hex/Air        ####......   30%         5    None
 Metabolic Englaciation   Hex/Ice        ####......   38%         5    None
 Ring of Flames           Chrm/Fire      #######...   38%         7    ####...
 Deflect Missiles         Chrm/Air       ####......   86%         6    None
 Discord                  Hex            ####......   100%        8    #####..


Dungeon Overview and Level Annotations

Branches:
Dungeon (15/15)            Temple (0/1) D:7            Lair (6/6) D:9
 Shoals (2/4) Lair:2       Spider (0/4) Lair:3        Slime (0/5) Lair:5
    Orc (2/2) D:9             Elf (0/3) Orc:2        Vaults (0/5) D:13
 Depths (0/5) D:15

Altars:
Ashenzari
Dithmenos
Fedhas
Gozag
Kikubaaqudgha
Makhleb
Ru
Sif Muna
Vehumet
Xom
Zin
The Shining One
Beogh
Jiyva

Shops:
D:3 *   D:5 =   D:6 =   D:7 !   Orc:2 (***

Portals:
Trove: D:14 (give 13 potions of heal wounds)

Annotations:
Lair:1 3 runed translucent doors, Lanoc's ghost, journeyman DrWn
Shoals:2 Polyphemus


Message History

The fireball engulfs the merfolk impaler!!
The merfolk impaler is moderately wounded.
The merfolk impaler shouts!
You are near starving!
You are engulfed in calcifying dust.
You are slowing down.
You hear an angry hiss.
You hear a screech! x2
The snapping turtle is engulfed in a cloud of scalding steam.
Polyphemus is engulfed in a cloud of scalding steam.
Polyphemus throws a large rock.
The large rock completely misses you.
A sea snake comes into view.
You are engulfed in calcifying dust.
Your limbs have turned to stone.
The merfolk impaler is engulfed in a cloud of scalding steam.
Polyphemus is engulfed in a cloud of scalding steam.
Polyphemus throws a large rock.
The large rock hits you.
* * * LOW HITPOINT WARNING * * *
The snapping turtle closely misses you.
Polyphemus is engulfed in a cloud of scalding steam.
Polyphemus throws a large rock.
The large rock hits you!!!
You die...

≈≈≈§§§...# ..
§≈§§§≈≈..# ...
≈≈§§§≈≈≈.###.Y#
§ §§§≈≈S......§
≈≈§....≈.....§.
≈≈≈.#t...§.≈..§
≈≈≈≈....§≈≈...C
≈≈≈≈≈≈≈@≈≈≈≈..§
≈≈≈≈≈≈≈§≈≈≈≈..§
≈≈≈≈≈§§§≈≈≈≈##.
≈≈≈≈≈.§.§≈≈m.#
≈≈≈≈≈...§......
≈≈≈≈≈§§§≈§§§§§§
≈≈≈≈≈≈m.≈§§§§§§
≈≈≈≈≈≈≈≈≈≈§§§S.


You could see Polyphemus, a merfolk impaler, a death yak, a sea snake and a
snapping turtle.

Vanquished Creatures
  Nessos (Lair:4)
  A minotaur (Gauntlet)
  2 merfolk impalers (Shoals:1)
  Snorg (Lair:5)
  Josephine (Lair:4)
  Erolcha (Orc:1)
  4 hydras
  A centaur warrior (D:14)
  12 two-headed ogres
  Erica (D:10)
  A catoblepas (Lair:6)
  2 tengu warriors
  2 ogre magi (Orc:2)
  4 death yaks
  Sonja (Lair:5)
  4 skeletal warriors (D:15)
  2 sea snakes (Shoals:1)
  4 unseen horrors
  2 deep trolls (Orc:2)
  A wizard (D:15)
  5 harpies (Shoals:1)
  A wolf spider zombie (D:15)
  3 deep elf magi
  5 ugly things
  5 oklob plants
  2 orc sorcerers (Orc:2)
  2 fauns (Shoals:1)
  A moth of wrath (Gauntlet)
  A cyclops (shapeshifter) (D:15)
  Maurice (D:9)
  9 cyclopes
  A manticore (D:15)
  A salamander (D:15)
  5 centaur zombies
  2 merfolk sirens
  Psyche (D:10)
  7 spiny frogs
  A gargoyle (D:6)
  3 rime drakes
  A redback zombie (D:15)
  2 kobold demonologists (D:15)
  3 efreet
  5 komodo dragons
  A tengu conjurer (D:15)
  17 trolls
  A jumping spider (shapeshifter) (D:14)
  4 merfolk (Shoals:1)
  A harpy zombie (D:15)
  5 polar bears (Lair:6)
  4 hornets (Lair:6)
  14 dream sheep
  11 hippogriffs
  7 slime creatures (D:15)
  4 snapping turtles (Shoals:1)
  13 spriggans (Lair:6)
  A shadow (D:15)
  3 vampires
  2 redbacks (Lair:3)
  24 yaks
  5 wraiths (Lair:4)
  2 water elementals (Shoals:2)
  2 wyverns
  A human (D:8)
  4 hungry ghosts
  2 hogs (D:8)
  A steam dragon (D:11)
  4 basilisks
  3 vampire mosquitoes (D:13)
  A soldier ant (D:13)
  3 wargs (Orc:2)
  Menkaure (D:4)
  An acid dragon (D:13)
  10 water moccasins
  A meliai simulacrum (D:14)
  7 porcupines
  15 orc warriors
  3 sky beasts
  5 ice beasts
  6 black bears
  2 hornet zombies (D:15)
  2 phantoms
  An eye of draining (D:15)
  41 wolves
  4 boggarts (Lair:6)
  17 centaurs
  30 ogres
  13 crocodiles
  4 big kobolds
  8 gnoll sergeants (Bailey)
  20 bullfrogs
  A wyvern skeleton (D:10)
  18 killer bees
  3 scorpions
  A hornet simulacrum (Gauntlet)
  3 electric eels (Lair:2)
  16 wights
  3 crimson imps
  A bullfrog zombie (D:7)
  A quasit (D:11)
  7 centaur skeletons
  A jelly (D:10)
  8 hounds
  12 orc priests
  6 gnoll shamans (Bailey)
  18 orc wizards
  4 bullfrog skeletons
  4 iguanas
  11 worker ants
  2 bullfrog simulacra (Gauntlet)
  2 centaur simulacra (Gauntlet)
  17 gnolls
  12 adders
  2 howler monkey skeletons (D:9)
  5 shadow imps
  2 oozes
  An adder skeleton (D:4)
  2 adder zombies
  5 worms
  3 dart slugs
  8 leopard geckos
  62 orcs
  7 giant cockroaches
  9 goblins
  10 hobgoblins
  14 jackals
  25 kobolds
  5 quokkas
  2 ball pythons
  10 bats
  6 frilled lizards
  A jackal skeleton (D:6)
  2 rats
  A bush (Lair:3)
  9 plants
788 creatures vanquished.

Vanquished Creatures (others)
  A faun (Shoals:1)
  5 dream sheep (D:7)
  A fungus (Lair:3)
  A plant (Gauntlet)
  6 withered plants (D:15)
14 creatures vanquished.

Grand Total: 802 creatures vanquished

Notes
Turn   | Place    | Note
-------+----------+-------------------------------------------
     0 | D:1      | nikopol the Deep Elf Fire Elementalist began the quest for
                  | the Orb.
     0 | D:1      | Reached XP level 1. HP: 10/10 MP: 6/6
   111 | D:1      | Reached XP level 2. HP: 1/15 MP: 0/8
   892 | D:1      | Reached XP level 3. HP: 16/19 MP: 7/9
   896 | D:1      | Learned a level 2 spell: Throw Flame
   900 | D:1      | Learned a level 3 spell: Conjure Flame
  1382 | D:2      | Lost strength.
  1478 | D:2      | Reached XP level 4. HP: 21/24 MP: 6/11
  1939 | D:2      | Found a shattered altar of Ashenzari.
  2005 | D:2      | Reached skill level 4 in Spellcasting
  2217 | D:3      | Found a sacrificial altar of Ru.
  2329 | D:3      | Found an opulent altar of Gozag.
  2621 | D:3      | Reached XP level 5. HP: 28/28 MP: 9/13
  3005 | D:3      | Found Gozag's Platinum Reserve.
  3082 | D:4      | Found a blossoming altar of Fedhas.
  3111 | D:4      | Learned a level 4 spell: Sticky Flame
  3188 | D:4      | Reached skill level 5 in Spellcasting
  3188 | D:4      | Reached XP level 6. HP: 8/32 MP: 0/15
  3517 | D:4      | Reached skill level 5 in Fire Magic
  3597 | D:4      | Noticed Menkaure
  3632 | D:4      | Killed Menkaure
  3632 | D:4      | Reached XP level 7. HP: 12/36 MP: 2/17
  3879 | D:4      | Reached skill level 6 in Spellcasting
  4021 | D:5      | Entered Level 5 of the Dungeon
  4105 | D:5      | Found Wosaewos's Jewellery Shop.
  4598 | D:5      | Reached skill level 1 in Shields
  4937 | D:5      | Reached skill level 7 in Spellcasting
  4937 | D:5      | Reached XP level 8. HP: 30/41 MP: 13/20
  5395 | D:6      | Reached skill level 5 in Conjurations
  5405 | D:6      | Learned a level 5 spell: Fireball
  5627 | D:6      | Noticed a two-headed ogre
  5647 | D:6      | Noticed a gargoyle
  5665 | D:6      | Killed a gargoyle
  5777 | D:6      | Killed a two-headed ogre
  5777 | D:6      | Reached skill level 8 in Spellcasting
  5777 | D:6      | Reached XP level 9. HP: 46/46 MP: 6/23
  5926 | D:6      | Got a steaming short sword
  5927 | D:6      | Identified the +7 short sword "Cetreddi" {holy, rN+ Str+3
                  | Dex+4} (You found it on level 6 of the Dungeon)
  6064 | D:6      | Found Tecas's Jewellery Shoppe.
  6221 | D:6      | Found a glowing silver altar of Zin.
  6221 | D:6      | Found a radiant altar of Vehumet.
  6224 | D:6      | Became a worshipper of Vehumet
  6515 | D:7      | Reached skill level 9 in Spellcasting
  6587 | D:7      | Found Tecovuilary's Distillery.
  6596 | D:7      | Bought a potion of heal wounds for 55 gold pieces
  6674 | D:7      | Found a staircase to the Ecumenical Temple.
  6938 | D:7      | Reached * piety under Vehumet
  6938 | D:7      | Offered knowledge of Shock by Vehumet.
  7088 | D:7      | Found a shimmering altar of Xom.
  7145 | D:8      | Reached skill level 1 in Fighting
  7300 | D:8      | Found a flagged portal.
  7311 | Bailey   | Entered a bailey
  7487 | Bailey   | Reached skill level 10 in Spellcasting
  7488 | Bailey   | Reached XP level 10. HP: 52/52 MP: 15/26
  7492 | Bailey   | Reached ** piety under Vehumet
  7492 | Bailey   | Offered knowledge of Sting by Vehumet.
  7835 | Bailey   | Identified the ring "Couloon" {Str+2 Dex+2}
  8649 | D:8      | Reached skill level 11 in Spellcasting
  8654 | D:8      | Reached skill level 10 in Fire Magic
  8818 | D:8      | Found a deep blue altar of Sif Muna.
  8972 | D:8      | Found a glowing golden altar of the Shining One.
  9154 | D:9      | Found a staircase to the Lair.
  9154 | D:9      | Noticed a death yak
  9154 | D:9      | Noticed a death yak
  9157 | D:9      | Noticed a death yak
  9164 | D:8      | Killed a death yak
  9273 | D:9      | Offered knowledge of Dazzling Spray by Vehumet.
  9331 | D:9      | Noticed Maurice
  9336 | D:9      | Killed Maurice
  9336 | D:9      | Reached skill level 12 in Spellcasting
  9463 | D:9      | Learned a level 5 spell: Lightning Bolt
  9518 | D:9      | Killed a death yak
  9518 | D:9      | Reached XP level 11. HP: 56/56 MP: 27/29
  9524 | D:9      | Killed a death yak
  9808 | D:9      | Found a staircase to the Orcish Mines.
  9855 | D:9      | Reached *** piety under Vehumet
 10121 | Lair:1   | Entered Level 1 of the Lair of Beasts
 10146 | Lair:1   | Found a runed translucent gate.
 10146 | Lair:1   | Found a runed translucent gate.
 10146 | Lair:1   | Found a runed translucent gate.
 10147 | Lair:1   | Noticed Lanoc's ghost (journeyman DrWn)
 10443 | Lair:1   | Learned a level 8 spell: Ignition
 10735 | Lair:1   | Noticed an oklob plant
 10735 | Lair:1   | Noticed an oklob plant
 11104 | Lair:1   | Killed an oklob plant
 11104 | Lair:1   | Reached skill level 5 in Stealth
 11104 | Lair:1   | Reached skill level 13 in Spellcasting
 11565 | Lair:1   | Killed an oklob plant
 12175 | Lair:2   | Found a staircase to the Shoals.
 12182 | Lair:2   | Offered knowledge of Mephitic Cloud by Vehumet.
 12292 | Lair:2   | Reached skill level 5 in Dodging
 12442 | Lair:2   | Found an ancient bone altar of Kikubaaqudgha.
 12719 | Lair:2   | Noticed a seven-headed hydra
 12727 | Lair:2   | Killed a seven-headed hydra
 12988 | Lair:2   | Learned a level 6 spell: Bolt of Fire
 13180 | Lair:3   | Reached skill level 10 in Conjurations
 13285 | Lair:3   | Found a hole to the Spider Nest.
 13347 | Lair:3   | Reached **** piety under Vehumet
 13403 | Lair:3   | Offered knowledge of Bolt of Magma by Vehumet.
 13453 | Lair:3   | Noticed a death yak
 13458 | Lair:3   | Killed a death yak
 13622 | Lair:3   | Reached XP level 12. HP: 61/61 MP: 24/31
 13622 | Lair:3   | Reached skill level 14 in Spellcasting
 14619 | Lair:4   | Noticed Nessos
 14624 | Lair:4   | Killed Nessos
 14632 | Lair:4   | Reached skill level 15 in Spellcasting
 15128 | Lair:4   | Noticed Josephine
 15136 | Lair:4   | Killed Josephine
 15460 | Lair:5   | Learned a level 5 spell: Bolt of Magma
 15485 | Lair:5   | Noticed Sonja
 15487 | Lair:5   | Killed Sonja
 15492 | Lair:5   | Noticed Snorg
 15496 | Lair:5   | Killed Snorg
 15947 | Lair:5   | Found a staircase to the Slime Pits.
 15948 | Lair:5   | Found a viscous altar of Jiyva.
 16107 | Lair:6   | Entered Level 6 of the Lair of Beasts
 16186 | Lair:6   | Found a gate leading to a gauntlet.
 16196 | Gauntlet | Entered a Gauntlet
 16196 | Gauntlet | Found a transporter.
 16196 | Gauntlet | Found a transporter.
 16205 | Gauntlet | Found a transporter.
 16209 | Gauntlet | Found a transporter.
 16217 | Gauntlet | Found a transporter.
 16221 | Gauntlet | Found a transporter.
 16229 | Gauntlet | Noticed a reaper
 16232 | Gauntlet | Found a transporter.
 16246 | Gauntlet | Found a transporter.
 16246 | Gauntlet | Noticed a hell beast
 16261 | Gauntlet | Found a transporter.
 16265 | Gauntlet | Found a transporter.
 16273 | Gauntlet | Found a transporter.
 16277 | Gauntlet | Found a transporter.
 16529 | Gauntlet | Reached XP level 13. HP: 65/65 MP: 34/34
 16573 | Gauntlet | Got a smoking hat
 16590 | Gauntlet | Identified the +2 hat of Tausips {*Slow rElec rPois Dex-3}
                  | (You found it in a Gauntlet)
 16593 | Gauntlet | Noticed a minotaur
 16597 | Gauntlet | Killed a minotaur
 16597 | Gauntlet | Reached skill level 16 in Spellcasting
 16742 | Gauntlet | Got a translucent ivory amulet
 16791 | Lair:6   | Reached ***** piety under Vehumet
 16791 | Lair:6   | Offered knowledge of Bolt of Cold by Vehumet.
 16804 | Lair:6   | Identified the amulet of Henotheism {Spirit Dex+3} (You
                  | found it in a Gauntlet)
 16883 | Lair:6   | Found a burning altar of Makhleb.
 17387 | Lair:6   | Got a twisted trident
 17388 | Lair:6   | Identified the +6 trident of Yjusot {flame, rF+} (You found
                  | it on level 6 of the Lair of Beasts)
 18312 | Orc:1    | Entered Level 1 of the Orcish Mines
 18318 | Orc:1    | Reached skill level 17 in Spellcasting
 18494 | Orc:2    | Entered Level 2 of the Orcish Mines
 18495 | Orc:2    | Upgraded the game from 0.24-a0-291-g79c1ce7 to
                  | 0.24-a0-292-g5c6fb1c
 18499 | Orc:2    | Found a staircase to the Elven Halls.
 18594 | Orc:1    | Found a roughly hewn altar of Beogh.
 18594 | Orc:1    | Noticed Erolcha
 18595 | Orc:1    | Offered knowledge of Iskenderun's Mystic Blast by Vehumet.
 18597 | Orc:1    | Killed Erolcha
 19197 | Orc:2    | Reached XP level 14. HP: 70/70 MP: 37/37
 19372 | Orc:2    | Found Plog's Assorted Antiques.
 19424 | Orc:2    | Reached skill level 18 in Spellcasting
 19485 | Orc:2    | Found Daocosaq's General Store.
 19494 | Orc:2    | Bought 2 potions of heal wounds for 360 gold pieces
 19494 | Orc:2    | Bought 3 scrolls of teleportation for 324 gold pieces
 19494 | Orc:2    | Bought 2 potions of heal wounds for 360 gold pieces
 19508 | Orc:2    | Found Fuec's Antique Weapon Boutique.
 19509 | Orc:2    | Found Huamyij's Assorted Antiques.
 19887 | D:10     | Entered Level 10 of the Dungeon
 19891 | D:10     | Noticed Psyche
 19895 | D:10     | Killed Psyche
 20165 | D:10     | Noticed Erica
 20168 | D:10     | Killed Erica
 20876 | D:11     | Offered knowledge of Poison Arrow by Vehumet.
 20996 | D:11     | Reached skill level 15 in Fire Magic
 22079 | D:12     | Reached skill level 19 in Spellcasting
 22525 | D:13     | Found a gate to the Vaults.
 22563 | D:13     | Offered knowledge of Irradiate by Vehumet.
 22835 | D:13     | Got a warped zirconium amulet
 22979 | D:13     | Found a roughly hewn altar of Beogh.
 23098 | D:14     | Reached XP level 15. HP: 56/74 MP: 37/40
 23321 | D:14     | Reached skill level 5 in Shields
 23462 | D:14     | Found a shadowy altar of Dithmenos.
 23830 | D:14     | Found a portal to a secret trove of treasure.
 24295 | D:15     | Entered Level 15 of the Dungeon
 24399 | D:15     | Identified the amulet of Impatience {Reflect rC+ Str+4
                  | SH+3} (You found it on level 13 of the Dungeon)
 25053 | D:15     | Offered knowledge of Orb of Destruction by Vehumet.
 25081 | D:15     | Reached skill level 1 in Air Magic
 25208 | D:15     | Reached skill level 20 in Spellcasting
 25542 | D:15     | Found a staircase to the Depths.
 25893 | Shoals:1 | Entered Level 1 of the Shoals
 27025 | Shoals:2 | Noticed Polyphemus
 27210 | Shoals:2 | Hit by a large rock thrown by Polyphemus

Levels and vault maps discovered:
D:1:      grunt_arrival_lava_bath, layout_rooms, serial_curves, eino_curves_02,
          eino_curves_04, eino_curves_04, eino_curves_03,
          chequers_serial_rivers_room_b
D:2:      layout_basic, nicolae_overflow_hidden_temple,
          corexii_item_surrounded_by_moat
D:3:      layout_loops_corners, nicolae_gozag_zags_fifth_avenue,
          lemuel_round_altar, minmay_strange_pillars
D:4:      layout_rooms, fedhas_ov_isle_minmay, first_ration, uniq_menkaure
D:5:      cheibrodos_thug_alley, layout_basic, serial_shops,
          nicolae_shop_temple_entry_statues_fountains
D:6:      minmay_chambers_of_sixes, layout_basic,
          gammafunk_temple_overflow_elements, serial_shops, shop
D:7:      layout_gridville, kb_xom_exploding_sheep, temple_pool_b, serial_shops,
          shop
D:8:      layout_basic, lemuel_coloured_pillars_altar, kennysheep_mini_moat,
          enter_bailey_3, grunt_livestock
D:9:      layout_roguey, dpeg_lair_monsters, orc_0_dummy, uniq_maurice
D:10:     layout_loops_ring, uniq_erica, uniq_psyche
D:11:     layout_loops_ring
D:12:     layout_small_grid
D:13:     layout_cave_pools, david_vaults_1, david_defended_altar_orc
D:14:     layout_stronghold, enter_trove_2, nicolae_dithmenos_the_darkroom
D:15:     hangedman_depths_entry_try_elsewhere_first, layout_basic,
          serial_bayou_pond_e, serial_undead, serial_undead_a, serial_undead_c,
          serial_undead_c, serial_undead_a, serial_undead_b
Lair:1:   layout_cave_pods, enter_volcano_1, ebering_ghost_rock_garden,
          grunt_megastairs_1, minmay_lair_oklob_chamber
Lair:2:   layout_loops_ring, elwin_shoals_entry_rooms, basic_altar,
          serial_bayou_shore_b, serial_bayou_shore_a
Lair:3:   layout_misc_corridors, spider_nest_entry_webs, beast_lair_carwin_10,
          lemuel_fruit_tree
Lair:4:   dpeg_oklob_gauntlet, layout_regular_city, lemuel_old_faithful,
          grunt_megastairs_3, uniq_nessos, uniq_josephine
Lair:5:   layout_regular_city, slime_altar_1, uniq_snorg, uniq_sonja
Lair:6:   minmay_lair_end_enchanted_forest, layout_cave_pods,
          gauntlet_entry_generic, lemuel_oklob_altar
Shoals:1: layout_shoals
Shoals:2: layout_shoals, uniq_polyphemus
Orc:1:    layout_caves, mines2_david, uniq_erolcha
Orc:2:    st_orc_open, layout_caves

Skill      XL: |  1  2  3  4  5  6  7  8  9 10 11 12 13 14 15 |
---------------+----------------------------------------------+-----
Dodging        | 3 4 5 6 |  6.2
Fire Magic     | 4 5 6 7 9 10 11 12 14 15 16 | 16.5
Conjurations   | 2 3 4 6 7 8 10 12 13 14 | 14.9
Spellcasting   | 4 5 7 8 10 12 13 15 17 19 20 | 20.5
Stealth        | 3 4 5 6 |  6.2
Shields        | 1 3 4 5 |  5.2
Fighting       | 1 |  1.4
Air Magic      | 1 |  1.5
Earth Magic    | |  0.2

Action                   |  1- 3 |  4- 6 |  7- 9 | 10-12 | 13-15 || total
-------------------------+-------+-------+-------+-------+-------++-------
Melee: Dagger            |     2 |       |       |       |       ||     2
       Short sword       |       |       |     2 |     5 |       ||     7
       Staff             |       |       |       |       |     1 ||     1
 Cast: Flame Tongue      |    71 |   102 |   199 |   245 |   158 ||   775
       Sticky Flame      |       |     4 |    26 |    72 |    46 ||   148
       Throw Flame       |       |     2 |     5 |    17 |     4 ||    28
       Conjure Flame     |       |       |     6 |     6 |       ||    12
       Fireball          |       |       |    12 |    88 |    70 ||   170
       Bolt of Fire      |       |       |       |    34 |   233 ||   267
       Ignition          |       |       |       |       |    38 ||    38
       Lightning Bolt    |       |       |       |       |    15 ||    15
       Bolt of Magma     |       |       |       |       |     1 ||     1
  Use: Scroll            |     4 |     2 |     7 |    10 |     8 ||    31
       Potion            |       |       |       |       |     1 ||     1
  Eat: Chunk             |     1 |     7 |    15 |    33 |    49 ||   105
       Ration            |       |       |       |     2 |     2 ||     4
Armor: Robe              |    11 |    10 |     9 |    10 |    28 ||    68
Dodge: Dodged            |    31 |    37 |    42 |    70 |    67 ||   247
Block: Buckler           |       |       |    17 |    44 |    44 ||   105
       Reflection        |       |       |       |       |     2 ||     2

Table legend:
 A = Non-vault XP
 B = Vault XP
 C = Vault XP percentage of total XP
 D = Non-vault monster count
 E = Vault monster count
 F = Vault count percentage of total count
                 A         B        C        D         E       F
            +---------+---------+-------+---------+---------+-------
      Total |   85393 |   54586 |  39.0 |     568 |     211 |  27.1
            +---------+---------+-------+---------+---------+-------
        D:1 |      41 |       0 |   0.0 |      20 |       0 |   0.0
        D:2 |     112 |       0 |   0.0 |      30 |       0 |   0.0
        D:3 |     123 |       0 |   0.0 |      27 |       0 |   0.0
        D:4 |     370 |     157 |  29.8 |      14 |       1 |   6.7
        D:5 |     483 |     208 |  30.1 |      17 |      10 |  37.0
        D:6 |     804 |    1393 |  63.4 |      20 |       4 |  16.7
        D:7 |     735 |       0 |   0.0 |      24 |       0 |   0.0
        D:8 |    2050 |    1789 |  46.6 |      34 |      10 |  22.7
        D:9 |     781 |    2388 |  75.4 |      18 |       6 |  25.0
       D:10 |    3314 |    1331 |  28.7 |      25 |       2 |   7.4
       D:11 |    5231 |       0 |   0.0 |      32 |       0 |   0.0
       D:12 |    7196 |       0 |   0.0 |      35 |       0 |   0.0
       D:13 |    9964 |    1486 |  13.0 |      42 |       7 |  14.3
       D:14 |    7237 |       0 |   0.0 |      31 |       0 |   0.0
       D:15 |   11137 |    6791 |  37.9 |      40 |      14 |  25.9
     Lair:1 |    1578 |    1365 |  46.4 |      10 |       4 |  28.6
     Lair:2 |    2330 |       0 |   0.0 |      11 |       0 |   0.0
     Lair:3 |    5014 |    2061 |  29.1 |      29 |      10 |  25.6
     Lair:4 |    2190 |    4698 |  68.2 |       7 |      11 |  61.1
     Lair:5 |    1682 |    1897 |  53.0 |       6 |       2 |  25.0
     Lair:6 |    6032 |    8760 |  59.2 |      26 |      47 |  64.4
   Shoals:1 |   11165 |       0 |   0.0 |      22 |       0 |   0.0
   Shoals:2 |     925 |       0 |   0.0 |       3 |       0 |   0.0
      Orc:1 |    2268 |     992 |  30.4 |      23 |       5 |  17.9
      Orc:2 |    2631 |   15491 |  85.5 |      22 |      37 |  62.7
     Bailey |       0 |    1229 | 100.0 |       0 |      30 | 100.0
   Gauntlet |       0 |    2550 | 100.0 |       0 |      11 | 100.0
            +---------+---------+-------+---------+---------+-------
